 Dungeon Crawl Stone Soup version 0.25.1-2-g60ff931df9 (webtiles) character file.

Game seed: 15978760511769695519

4121 diana the Carver (level 10, 36/67 HPs)
             Began as a Demonspawn Gladiator on Sept 15, 2020.
             Quit the game on level 8 of the Dungeon.
             The game lasted 00:10:57 (9333 turns).

diana the Carver (Demonspawn Gladiator)             Turns: 9333, Time: 00:10:58

Health: 36/67      AC: 13    Str: 18    XL:     10   Next: 6%
Magic:  10/10      EV:  9    Int: 15    God:
Gold:   426        SH:  0    Dex: 15    Spells: 9/9 levels left

rFire    . . .     SeeInvis +   H - +3 scimitar
rCold    + . .     Gourm    .   (no shield)
rNeg     . . .     Faith    .   i - +2 chain mail {rPois}
rPois    +         Spirit   .   (helmet restricted)
rElec    .         Reflect  .   (no cloak)
rCorr    .         Harm     .   (no gloves)
MR       .....                  (no boots)
Stlth    ..........             (no amulet)
HPRegen  0.21/turn              b - +6 ring of intelligence
MPRegen  0.12/turn              s - ring of see invisible

@: no status effects
A: claws 2, horns 1, talons 1, cold resistance 1
a: no special abilities


You were on level 8 of the Dungeon.
You were hungry.

You visited 2 branches of the dungeon, and saw 9 of its levels.

You collected 426 gold pieces.

Inventory:

Hand Weapons
 H - a +3 scimitar (weapon)
Missiles
 d - 4 throwing nets (quivered)
Armour
 h - a +1 helmet
 i - a +2 chain mail of poison resistance (worn)
 j - a +2 tower shield
 E - the +2 tower shield of the Undertaker {rN++ Int+3}
   (You found it on level 4 of the Dungeon)

   It affects your intelligence (+3).
   It greatly protects you from negative energy.
Jewellery
 b - a +6 ring of intelligence (left claw)
 s - a ring of see invisible (right claw)
 x - an uncursed ring of flight
 B - an uncursed ring of wizardry
 J - a cursed -4 ring of intelligence
 K - an uncursed ring of poison resistance {unknown}
Wands
 a - a wand of polymorph (6)
 z - a wand of iceblast (8)
 I - a wand of enslavement (6)
Scrolls
 c - a scroll of magic mapping {unknown}
 m - 5 scrolls of identify {unknown}
 n - 3 scrolls of immolation {unknown}
 p - 2 scrolls of enchant armour {unknown}
 q - 5 scrolls of blinking {unknown}
 r - 4 scrolls of amnesia {unknown}
 t - 5 scrolls of teleportation {unknown}
 v - 2 scrolls of noise {unknown}
 y - a scroll of fear {unknown}
 A - 3 scrolls of remove curse {unknown}
 D - 2 scrolls of fog {unknown}
 F - a scroll of enchant weapon {unknown}
Potions
 e - a potion of flight
 g - a potion of might
 k - 9 potions of curing {unknown}
 l - a potion of heal wounds {unknown}
 o - 4 potions of stabbing
 u - 3 potions of brilliance {unknown}
 w - 2 potions of resistance {unknown}
 C - 2 potions of ambrosia {unknown}
 G - a potion of berserk rage {unknown}
Comestibles
 f - 15 rations


   Skills:
 - Level 2.0 Fighting
 + Level 9.9 Long Blades
 - Level 1.7 Throwing
 + Level 9.4 Armour
 - Level 2.6 Dodging


You had 9 spell levels left.
You didn't know any spells.
Your spell library contained the following spells:

 Spells                   Type           Power        Failure   Level  Hunger
 Summon Small Mammal      Summ           #...         94%         1    ##.....
 Call Imp                 Summ           #.......     98%         2    ###....
 Call Canine Familiar     Summ           #.......     100%        3    ####...
 Summon Guardian Golem    Hex/Summ       #.......     100%        3    ####...
 Summon Ice Beast         Ice/Summ       #.......     100%        4    #####..
 Summon Lightning Spire   Summ/Air       #.......     100%        4    #####..


Dungeon Overview and Level Annotations

Branches:
Dungeon (8/15)             Temple (1/1) D:5
   Lair: D:8-11

Altars:
Ashenzari
Cheibriados
Dithmenos
Elyvilon
Fedhas
Gozag
Hepliaklqana
Kikubaaqudgha
Makhleb
Qazlal
Ru
Trog
Uskayaw
Vehumet
Wu Jian
Xom
Yredelemnul
Zin
The Shining One

Shops:
D:7 :

Annotations:
D:5 Grinder


Innate Abilities, Weirdness & Mutations

You have very sharp fingernails.
You have a pair of small horns on your head.
You have sharp toenails.
Your flesh is cold resistant. (rC+)


Message History

You barely miss Psyche. Your kick misses Psyche.
Psyche is heavily wounded.
Psyche barely misses you.
Psyche points at you and mumbles some strange words.
The puff of frost hits you. You resist.
You barely miss Psyche. Your kick misses Psyche.
Psyche is heavily wounded.
Psyche hits you but does no damage.
You are electrocuted!
You slash Psyche! You claw Psyche, but do no damage.
Psyche is almost dead.
Psyche points at you and mumbles some strange words.
The magic dart hits you but does no damage.
Psyche hits you but does no damage.
You are electrocuted!
You slash Psyche!
You kill Psyche!
You have reached level 10!
Your demonic ancestry asserts itself...
A pair of horns grows on your head!
Your +1 helmet falls away!
Are you sure you want to abandon this character and quit the game? (Confirm with "yes".)

#.............#
#.............#
#.............#
#.............#
####.#......#####
#####.#.####.##...
#...#.#......##...
#.)##.#......##...
#@# #.##.....##...
#.# #.....##.####.
#.# #####.##.####†
#.# ###.##...)..
#.#####...........
#.##..............
#..'........#.....
####..............
#........#.....


There were no monsters in sight!

Vanquished Creatures
  Harold (D:8)
  Joseph (D:7)
  Psyche (D:8)
  A hippogriff (D:7)
  A hungry ghost (D:8)
  An orc warrior (D:6)
  A sky beast (D:6)
  An ice beast (D:8)
  A black bear (D:6)
  2 ogres
  A phantom (D:2)
  2 centaurs
  A big kobold (D:8)
  2 bullfrogs
  A gnoll sergeant (D:6)
  A wyvern skeleton (D:8)
  2 scorpions (D:6)
  3 killer bees (D:8)
  A howler monkey (D:8)
  3 crimson imps
  2 jellies
  2 hounds (D:6)
  5 orc priests
  An iguana (D:8)
  Ijyb (D:4)
  Terence (D:2)
  5 worker ants
  5 orc wizards
  A hound zombie (D:8)
  A worker ant zombie (D:6)
  13 gnolls
  14 adders
  An ooze (D:2)
  2 adder skeletons
  A worm (D:2)
  4 dart slugs
  4 leopard geckos
  19 orcs
  7 bats
  7 giant cockroaches
  6 goblins
  7 hobgoblins
  15 jackals
  2 quokkas (D:2)
  3 ball pythons
  4 frilled lizards
  2 jackal skeletons
  15 kobolds
  5 rats
183 creatures vanquished.

Vanquished Creatures (others)
  A leopard gecko (D:5)
1 creature vanquished.

Grand Total: 184 creatures vanquished

Notes
Turn   | Place    | Note
-------+----------+-------------------------------------------
     0 | D:1      | diana the Demonspawn Gladiator began the quest for the Orb.
     0 | D:1      | Reached XP level 1. HP: 16/16 MP: 1/1
   329 | D:1      | Gained mutation: You have sharp toenails. [demonic
                  | ancestry]
   329 | D:1      | Reached XP level 2. HP: 22/22 MP: 2/2
   346 | D:1      | Reached skill level 1 in Armour
   903 | D:2      | Reached XP level 3. HP: 27/27 MP: 3/3
  1165 | D:2      | Found a shattered altar of Ashenzari.
  1611 | D:2      | Reached XP level 4. HP: 13/33 MP: 4/4
  1993 | D:2      | Noticed Terence
  2017 | D:2      | Killed Terence
  2360 | D:3      | Gained mutation: You have sharp fingernails. [demonic
                  | ancestry]
  2360 | D:3      | Reached XP level 5. HP: 37/38 MP: 5/5
  2536 | D:3      | Found a faded altar of an unknown god.
  2595 | D:3      | Noticed a phantom
  2651 | D:2      | Killed a phantom
  2651 | D:2      | Reached XP level 6. HP: 23/44 MP: 6/6
  3252 | D:3      | Reached skill level 5 in Long Blades
  3594 | D:4      | Noticed Ijyb
  3608 | D:4      | Killed Ijyb
  3780 | D:4      | Found a glowing golden altar of the Shining One.
  3840 | D:4      | Found a basalt altar of Yredelemnul.
  3980 | D:4      | Got a spiked tower shield
  3986 | D:4      | Identified the +2 tower shield of the Undertaker {rN++
                  | Int+3} (You found it on level 4 of the Dungeon)
  4435 | D:5      | Entered Level 5 of the Dungeon
  4552 | D:5      | Reached XP level 7. HP: 33/50 MP: 7/7
  4682 | D:5      | Found a staircase to the Ecumenical Temple.
  4760 | D:5      | Found a white marble altar of Elyvilon.
  4807 | D:5      | Noticed Grinder
  5003 | D:4      | Reached skill level 5 in Armour
  5107 | Temple   | Entered the Ecumenical Temple
  5819 | D:6      | Found a hide-covered altar of Uskayaw.
  5904 | D:6      | Identified the cursed +0 ring mail "Ujuirarr" {rN+ rCorr
                  | Stlth-}
  5929 | D:6      | Gained mutation: Your flesh is cold resistant. (rC+)
                  | [demonic ancestry]
  5929 | D:6      | Reached XP level 8. HP: 15/56 MP: 8/8
  7382 | D:7      | Noticed a hippogriff
  7393 | D:7      | Killed a hippogriff
  7632 | D:7      | Found a hazy altar of Hepliaklqana.
  7650 | D:7      | Gained mutation: You have very sharp fingernails. [demonic
                  | ancestry]
  7650 | D:7      | Reached XP level 9. HP: 50/61 MP: 9/9
  7779 | D:7      | Noticed Joseph
  7808 | D:7      | Killed Joseph
  8047 | D:7      | Found Bodghapn's Book Emporium.
  8425 | D:8      | Noticed Harold
  8540 | D:8      | Killed Harold
  9325 | D:8      | Noticed Psyche
  9332 | D:8      | Killed Psyche
  9332 | D:8      | Gained mutation: You have a pair of small horns on your
                  | head. [demonic ancestry]
  9332 | D:8      | Reached XP level 10. HP: 36/67 MP: 10/10
  9333 | D:8      | Quit the game

Illustrated notes

Levels and vault maps discovered:
D:1:      eino_arrival_water_cross, layout_basic
D:2:      minmay_diamond_boxcup, layout_basic, old_standard_altar, uniq_terence
D:3:      minmay_recursive_quarters, layout_rooms,
          chequers_ecumenical_altar_simple
D:4:      layout_cave_pods, old_standard_altar, yredelemnul_altar_generic,
          first_ration, uniq_ijyb
D:5:      layout_cave_pools, elyvilon_altar_4, temple_pool_b, uniq_grinder
D:6:      layout_basic, old_standard_altar, kennysheep_generic_room_16
D:7:      layout_basic, nicolae_overflow_crystal_walls, serial_shops, shop,
          uniq_joseph
D:8:      layout_basic, nemelex_xobeh_ov_fountains_minmay, uniq_psyche,
          uniq_harold
Temple:   oiseaux_autumnal_temple

Skill      XL: |  1  2  3  4  5  6  7  8  9 |
---------------+----------------------------+-----
Long Blades    | 3 4 5 6 8 9 |  9.9
Armour         | 1 2 3 4 5 7 9 |  9.4
Fighting       | |  2.0
Throwing       | |  1.7
Dodging        | |  2.6

Action                   |  1- 3 |  4- 6 |  7- 9 | 10-12 || total
-------------------------+-------+-------+-------+-------++-------
Melee: Long sword        |    83 |   186 |       |       ||   269
       Kick              |    16 |    66 |   122 |       ||   204
       Scimitar          |       |    58 |   354 |       ||   412
Throw: Throwing net      |       |       |     4 |       ||     4
Evoke: Wand              |       |       |     1 |       ||     1
  Use: Potion            |       |       |     3 |       ||     3
 Stab: Held in net/web   |       |       |     1 |       ||     1
       Sleeping          |       |       |     1 |       ||     1
  Eat: Chunk             |     2 |    10 |    15 |       ||    27
       Ration            |       |       |     1 |       ||     1
Armor: Leather armour    |    34 |       |       |       ||    34
       Ring mail         |     4 |     6 |       |       ||    10
       Chain mail        |       |   183 |   239 |       ||   422
Dodge: Dodged            |    66 |   133 |   170 |       ||   369
Block: Tower shield      |       |    29 |       |       ||    29
       Rpst.: Long sword |    20 |    28 |       |       ||    48
       Scimitar          |       |    15 |    47 |       ||    62
